 Dungeon Crawl Stone Soup version 0.29.1-1-gd02db6906a (webtiles) character file.

Game seed: 18030447334789005276

2420 hawla the Arsonist (level 10, 0/72 HPs)
             Began as a Meteoran Fire Elementalist on Oct 13, 2022.
             Was an Initiate of Vehumet.
             Slain by an orc warrior
             ... wielding a +0 trident
              (13 damage)
             ... in a bailey.
             The game lasted 00:15:29 (3989 turns).

hawla the Arsonist (Meteoran Fire Elementalist)     Turns: 3989, Time: 00:15:30

Health: 0/72       AC:  4    Str:  7    XL:     10   Next: 5%
Magic:  21/33      EV: 13    Int: 33    God:    Vehumet [......]
Gold:   523        SH:  0    Dex: 16    Spells: 18/27 levels left

rFire   . . .      SeeInvis .   v - +8 spear of Tumult {flame, MP+9 Str-2 Int+6 Stlth-}
rCold   . . .      Faith    .   (no shield)
rNeg    + . .      Spirit   .   a - +1 robe
rPois   .          Reflect  .   (no helmet)
rElec   .          Harm     .   (no cloak)
rCorr   .          Rampage  .   p - +0 pair of gloves
Will    ++...                   (no boots)
Stlth   +.........              s - amulet of magic regeneration
HPRegen 0.22/turn               k - +6 ring of intelligence
MPRegen 0.63/turn               t - ring of positive energy

@: glowing
A: sense surroundings 2, otherworldly, glowing, explore regen, strong-willed 1
a: Renounce Religion


You were in a bailey.
You worshipped Vehumet.
Vehumet was noncommittal.
You visited 2 branches of the dungeon, and saw 8 of its levels.
You also visited: Sewer and Bailey.

You collected 523 gold pieces.

Inventory:

Hand Weapons
 v - the +8 spear of Tumult (weapon) {flame, MP+9 Str-2 Int+6 Stlth-}
   (You found it on level 7 of the Dungeon)

   It burns those it strikes, dealing additional fire damage.
   Str:       It affects your strength (-2).
   Int:       It affects your intelligence (+6).
   MP:        It affects your magic capacity (+9).
   Stlth:     It makes you less stealthy.
Armour
 a - a +1 robe (worn)
 p - a +0 pair of gloves (worn)
Jewellery
 k - a +6 ring of intelligence (left hand)
 s - an amulet of magic regeneration (around neck)
 t - a ring of positive energy (right hand)
 u - an amulet of reflection
Wands
 m - a wand of digging (8)
 o - a wand of paralysis (3)
Scrolls
 f - a scroll of enchant weapon
 g - 2 scrolls of vulnerability
 j - a scroll of enchant armour
 l - a scroll of magic mapping
 n - a scroll of identify
Potions
 b - 2 potions of magic
 c - 5 potions of might
 d - 3 potions of berserk rage
 e - 2 potions of heal wounds
 i - 2 potions of haste
 q - a potion of resistance {unknown}


   Skills:
 + Level 1.4 Fighting
 + Level 3.2 Dodging
 - Level 1.4 Stealth
 + Level 9.2 Spellcasting
 + Level 5.5 Conjurations
 + Level 10.9 Fire Magic


You had 18 spell levels left.
You knew the following spells:

 Your Spells              Type           Power      Damage    Failure   Level
a - Foxfire               Conj/Fire      100%       2x1d9     1%          1
b - Scorch                Fire           100%       2d10      1%          2
c - Flame Wave            Conj/Fire      62%        2d14      1%          4
d - Poisonous Vapours     Pois/Air       30%        N/A       4%          2

Your spell library contained the following spells:

 Spells                   Type           Power      Damage    Failure   Level
 Magic Dart               Conj           100%       1d8       1%          1
 Conjure Flame            Conj/Fire      62%        6-21      1%          3
 Inner Flame              Hex/Fire       50%        N/A       1%          3
 Slow                     Hex            60%        N/A       3%          1
 Summon Small Mammal      Summ           60%        N/A       3%          1
 Call Imp                 Summ           15%        N/A       4%          2
 Mephitic Cloud           Conj/Pois/Air  27%        N/A       4%          3
 Call Canine Familiar     Summ           15%        N/A       10%         3
 Confusing Touch          Hex            15%        N/A       10%         3
 Portal Projectile        Hex/Tloc       30%        N/A       10%         3
 Summon Guardian Golem    Hex/Summ       15%        N/A       10%         3
 Tukima's Dance           Hex            15%        N/A       10%         3
 Vampiric Draining        Necr           15%        2d7       10%         3
 Corpse Rot               Necr/Pois/Air  15%        N/A       30%         4
 Blade Hands              Tmut           7%         N/A       65%         5


Dungeon Overview and Level Annotations

Branches:
Dungeon (7/15) Zot: 564    Temple (1/1) D:7 Zot: 589   Sewer (visited)
 Bailey (1/1) Zot: 327

Altars:
Ashenzari
Cheibriados
Dithmenos
Elyvilon
Fedhas
Gozag
Hepliaklqana
Kikubaaqudgha
Makhleb
Nemelex Xobeh
Okawaru
Qazlal
Ru
Sif Muna
Uskayaw
Vehumet
Wu Jian
Xom
Yredelemnul
Zin
The Shining One


Innate Abilities, Weirdness & Mutations

You passively map the area around you.
You are easily found by Zot.
You glow in the dark.
You regain HP and MP as you explore.
You are strong-willed. (Will+)


Message History

Press: ? - help, Dir - move target, f - orc knight
Aim: an orc knight, wielding a +0 glaive and wearing a +2 crystal plate armour (moderately wounded, poisoned) Poisonous vapours surround the orc knight!
The orc knight looks even sicker.
The orc knight hits you but does no damage.
Casting: Poisonous Vapours (safe; 4% risk of failure)
Confirm with . or Enter, or press ? or * to list all spells.
Flames lash the orc knight but do no damage.
The orc knight barely misses you.
Casting: Scorch (safe; 1% risk of failure)
Confirm with . or Enter, or press ? or * to list all spells.
Flames lash the orc knight.
The orc knight is heavily wounded.
The orc knight's fire resistance burns away.
The orc knight hits you from afar with a +0 glaive!
* * * LOW HITPOINT WARNING * * *
An orc warrior comes into view. It is wielding a +0 trident.
Casting: Scorch (safe; 1% risk of failure)
Confirm with . or Enter, or press ? or * to list all spells.
You conjure some foxfire!
The orc knight completely misses you.
As you read the scroll of butterflies, it crumbles to dust.
You hear the tinkle of a tiny bell.
The foxfire hits the orc knight but does no damage.
The orc knight is heavily wounded.
The foxfire hits the orc knight but does no damage.
The orc knight is heavily wounded.
The orc warrior hits your butterfly with a +0 trident!
Your butterfly dies!
Your butterfly disappears in a burst of colours!
The orc knight hits you from afar with a +0 glaive!
* * * LOW HITPOINT WARNING * * *
It was a potion of heal wounds.
You feel much better.
The orc knight hits you from afar with a +0 glaive!
* * * LOW HITPOINT WARNING * * *
Casting: Foxfire (safe; 1% risk of failure)
Confirm with . or Enter, or press ? or * to list all spells.
Flames lash the orc knight but do no damage.
The orc knight is no longer more vulnerable to fire.
The orc warrior hits you from afar with a +0 trident!
You die...

.##########* * *#########.[.#
.##.....##.........##.$$$.##.~.#
..##...'#.§≈≈≈.≈≈§..##.$.##..~.#
~..##.##..§≈.....≈≈..##.##..~~.#
~)..#'#..§≈...⌠...≈b..#+#..~~.∩#
)~..#'#......bb⌠bb....# #..~~.##
~..## ##..≈≈...bbb≈§.'#,##..~~.#
).##, #.)≈≈≈bb≈b.§# ,##..~.# )##
, #....ob@.o#* ##.~.#
.#########'###+#############.~.#
..).....§§##.....##......[...~.#
~~~~[~~§~§.##.∩.##..~~~~~~~~~~.#
.......§~~..## ##..~~..........#
#######..~~..###[.~~..##########
##..~~[.[..~~..##
##..~~~~~~~..## ##.........##


You could see an orc knight (poisoned, ally target) and an orc warrior (ally
target).

Vanquished Creatures
  Sigmund (D:2)
  2 water moccasins
  5 orc warriors (Bailey)
  Pargi (Sewer)
  An ice beast (D:7)
  A centaur (D:7)
  A kobold brigand (D:6)
  Blork the orc (D:4)
  2 necrophages
  4 scorpions
  2 howler monkeys
  A hound (D:5)
  A jelly (D:6)
  6 orc priests
  7 iguanas
  2 orc wizards
  13 adders
  2 river rats (D:4)
  A shadow imp (D:6)
  A white imp (D:6)
  3 dart slugs
  35 orcs
  An endoplasm (D:3)
  4 giant cockroaches
  8 hobgoblins
  7 jackals
  5 kobolds
  A quokka (D:1)
  3 ball pythons
  12 bats
  7 frilled lizards
  6 goblins
  12 rats
159 creatures vanquished.

Vanquished Creatures (others)
  314 foxfires
314 creatures vanquished.

Grand Total: 473 creatures vanquished

Notes
Turn   | Place    | Note
-------+----------+-------------------------------------------
     0 | D:1      | hawla the Meteoran Fire Elementalist began the quest for
                  | the Orb.
     0 | D:1      | Reached XP level 1. HP: 14/14 MP: 5/5
    40 | D:1      | Reached XP level 2. HP: 20/20 MP: 3/6
    52 | D:1      | Reached skill level 4 in Fire Magic
   243 | D:1      | Reached XP level 3. HP: 26/26 MP: 6/8
   305 | D:1      | Learned a level 2 spell: Scorch
   500 | D:1      | Glimpsed the power of Zot.
   598 | D:2      | Reached XP level 4. HP: 33/33 MP: 4/10
   603 | D:2      | Learned a level 4 spell: Flame Wave
   737 | D:2      | Noticed Sigmund
   761 | D:2      | Killed Sigmund
   762 | D:2      | Reached skill level 6 in Fire Magic
   762 | D:2      | Reached XP level 5. HP: 36/38 MP: 0/11
   762 | D:2      | Reached XP level 6. HP: 43/45 MP: 0/12
  1100 | D:2      | Glimpsed the power of Zot.
  1150 | D:2      | Glimpsed the power of Zot.
  1156 | D:3      | Gained mutation: You are strong-willed. (Will+) [potion of
                  | mutation]
  1347 | D:3      | Found an ancient bone altar of Kikubaaqudgha.
  1385 | D:3      | Reached skill level 7 in Fire Magic
  1393 | D:3      | Reached XP level 7. HP: 49/50 MP: 4/13
  1410 | D:3      | Found a faded altar of an unknown god.
  1533 | D:3      | Found a shimmering blue altar of Sif Muna.
  1538 | D:3      | Found a glowing silver altar of Zin.
  1541 | D:3      | Found a glowing golden altar of the Shining One.
  1544 | D:3      | Found a shimmering altar of Xom.
  1701 | D:3      | Glimpsed the power of Zot.
  1767 | D:4      | Found a glowing drain.
  1792 | Sewer    | Entered a sewer
  1814 | Sewer    | Noticed Pargi
  1822 | Sewer    | Killed Pargi
  2066 | D:4      | Found a hide-covered altar of Uskayaw.
  2066 | D:4      | Noticed Blork the orc
  2072 | D:4      | Killed Blork the orc
  2073 | D:4      | Reached skill level 5 in Spellcasting
  2073 | D:4      | Reached skill level 8 in Fire Magic
  2073 | D:4      | Reached XP level 8. HP: 50/57 MP: 5/16
  2278 | D:5      | Entered Level 5 of the Dungeon
  3013 | D:6      | Reached skill level 9 in Fire Magic
  3014 | D:6      | Gained mutation: You passively map the area around you.
                  | [Meteoran growth]
  3014 | D:6      | Reached XP level 9. HP: 63/63 MP: 11/20
  3572 | D:6      | Glimpsed the power of Zot.
  3587 | D:7      | Reached skill level 1 in Fighting
  3587 | D:7      | Reached skill level 5 in Conjurations
  3624 | D:7      | Reached skill level 10 in Fire Magic
  3651 | D:7      | Found a flagged portal.
  3666 | D:7      | Identified the +8 spear of Tumult {flame, MP+9 Str-2 Int+6
                  | Stlth-}
  3677 | D:7      | Found a staircase to the Ecumenical Temple.
  3685 | Temple   | Entered the Ecumenical Temple
  3690 | Temple   | Became a worshipper of Vehumet
  3720 | Bailey   | Entered a bailey
  3798 | Bailey   | Noticed an orc knight
  3844 | Bailey   | Reached XP level 10. HP: 24/71 MP: 24/24
  3901 | Bailey   | Learned a level 2 spell: Poisonous Vapours
  3989 | Bailey   | Slain by an orc warrior

Illustrated notes

Levels and vault maps discovered:
D:1:      kennysheep_arrival_forest, layout_basic, serial_corexii_hall,
          chequers_hall_statues_wall_a, corexii_hall_statues_u
D:2:      layout_basic, minmay_3d_cube, uniq_sigmund
D:3:      layout_loops_cross, mainiacjoe_overflow_surrounded_room,
          grunt_temple_overflow_cloverleaf, shapermc_ecumenical_altar_pompeii,
          minmay_misc_feat_pillars
D:4:      layout_rooms, mainiacjoe_overflow_alcove_4, portal_sewer_entry_a,
          kennysheep_big_empty_room, minmay_box_of_dots, uniq_blork_the_orc
D:5:      layout_loops_ring
D:6:      layout_basic, nicolae_elevator_lobby_plus
D:7:      layout_rooms, minmay_temple_entry_stoned_glass, enter_bailey_2,
          uniq_joseph
Temple:   minmay_freezing_vapour_temple
Bailey:   bailey_polearm_1, bailey

Skill      XL: |  1  2  3  4  5  6  7  8  9 |
---------------+----------------------------+-----
Spellcasting   | 3 5 7 9 |  9.2
Fire Magic     | 4 6 7 8 9 10 | 10.9
Conjurations   | 3 4 5 |  5.5
Fighting       | 1 |  1.4
Dodging        | 3 |  3.2
Stealth        | |  1.4

Action                   |  1- 3 |  4- 6 |  7- 9 | 10-12 || total
-------------------------+-------+-------+-------+-------++-------
Melee: Unarmed           |     7 |     4 |     4 |       ||    15
       Punch             |       |     1 |       |       ||     1
       Rapier            |       |       |     2 |       ||     2
       Spear             |       |       |     9 |       ||     9
 Cast: Foxfire           |    31 |    27 |   135 |     4 ||   197
       Scorch            |     8 |    17 |    73 |     7 ||   105
       Flame Wave        |       |       |     3 |     1 ||     4
       Poisonous Vapours |       |       |       |     5 ||     5
  Use: Scroll            |     3 |     1 |    11 |     1 ||    16
       Potion            |       |     2 |     1 |     1 ||     4
Armor: Robe              |     5 |     2 |    12 |     2 ||    21
Dodge: Dodged            |    20 |     5 |    35 |     7 ||    67
